 Dungeon Crawl Stone Soup version 0.21.0-3-g78d12a8 (webtiles) character file.

6101 Helmschank the Grappler (level 10, -3/102 HPs)
             Began as a Troll Hunter on Jan 14, 2018.
             Was a Believer of Wu Jian.
             Slain by a killer bee (12 damage)
             ... on level 8 of the Dungeon.
             The game lasted 00:34:25 (7978 turns).

Helmschank the Grappler (Troll Hunter)              Turns: 7978, Time: 00:34:26

Health: -3/102     AC:  9    Str: 22    XL:     10   Next: 58%
Magic:  11/11      EV: 13    Int:  7    God:    Wu Jian [**....]
Gold:   255        SH:  0    Dex: 13    Spells: 9/9 levels left

rFire    + + .     SeeInvis .     - Unarmed
rCold    . . .     Gourm    +   (no shield)
rNeg     . . .     Faith    .   a - +2 robe {rC+ rF+}
rPois    +         Spirit   .   (helmet restricted)
rElec    .         Reflect  .   p - +1 cloak
rCorr    .         Harm     .   (gloves unavailable)
MR       .....                  (boots unavailable)
Stlth    +.........             (no amulet)
HPRegen  0.67/turn              t - ring of fire
MPRegen  0.12/turn              z - ring of poison resistance

@: no status effects
A: large, unfitting armour, claws 3, fast metabolism 3, gourmand, regeneration
1, shaggy fur 1, tough skin 2
a: Wall Jump, Renounce Religion


You were on level 8 of the Dungeon.
You worshipped Wu Jian.
Wu Jian was pleased with you.
You were very full.

You visited 3 branches of the dungeon, and saw 11 of its levels.

You collected 363 gold pieces.
You spent 108 gold pieces at shops.

Inventory:

Hand Weapons
 b - a +0 blowgun
 w - a +0 hand crossbow
Missiles
 A - 2 curare-tipped needles
 B - 6 poisoned needles
 U - 247 stones (quivered)
 Z - a large rock
Armour
 a - a +2 robe of resistance (worn)
 p - a +1 cloak (worn)
 D - a +0 troll leather armour
Jewellery
 t - a ring of fire (left claw)
 z - a ring of poison resistance (right claw)
Wands
 e - a wand of disintegration (13)
 h - a wand of polymorph (13)
 o - a wand of digging (10)
 v - a wand of enslavement (23)
 y - a wand of flame (29)
Scrolls
 d - a scroll of enchant armour
 j - 3 scrolls of teleportation
 l - 6 scrolls of remove curse
 n - 2 scrolls of fog
Potions
 c - 7 potions of heal wounds
 g - a potion of brilliance
 k - a potion of resistance
 m - a potion of curing
 q - a potion of mutation
 r - 2 potions of agility
 s - a potion of might
 u - 3 potions of flight
Books
 i - a book of the Tempests

   Spells                             Type                      Level
   a - Static Discharge               Conjuration/Air              3
   b - Lightning Bolt                 Conjuration/Air              5
   c - Ignition                       Fire                         8
   d - Tornado                        Air                          9
   e - Shatter                        Earth                        9
Comestibles
 f - 12 rations


   Skills:
 - Level 7.0 Fighting
 - Level 4.2 Throwing
 + Level 6.4 Dodging
 - Level 0.3 Stealth
 - Level 10.5 Unarmed Combat
 - Level 3.0 Evocations


You had 9 spell levels left.
You didn't know any spells.

Dungeon Overview and Level Annotations

Branches:
Dungeon (9/15)             Temple (1/1) D:6            Lair (1/6) D:8
    Orc: D:9-12

Altars:
Ashenzari
Cheibriados
Dithmenos
Elyvilon
Fedhas
Gozag
Hepliaklqana
Kikubaaqudgha
Makhleb
Nemelex Xobeh
Okawaru
Qazlal
Ru
Sif Muna
Trog
Uskayaw
Vehumet
Wu Jian
Xom
Yredelemnul
Zin
The Shining One

Shops:
D:4 *


Innate Abilities, Weirdness & Mutations

You are too large for most types of armour.
You have claws for hands.
Your metabolism is lightning-fast.
You like to eat raw meat.
Your natural rate of healing is unusually fast.
You are covered in fur. (AC +1)
You have very tough skin. (AC +2)


Message History

The killer bee stings you.
* * * LOW HITPOINT WARNING * * *
The killer bee barely misses you.
You take 6 damage, and have 14/102 hp.
Unknown command.
You feel better.
The killer bee is no longer berserk.
The killer bee closely misses you.
The killer bee rages.
The killer bee closely misses you. x2; The killer bee barely misses you.
The killer bee stings you!
* * * LOW HITPOINT WARNING * * *
You take 1 damage, and have 13/102 hp.
The killer bee barely misses you. The killer bee closely misses you.
The killer bee stings you but does no damage.
The killer bee barely misses you. The killer bee stings you.
* * * LOW HITPOINT WARNING * * *
The killer bee stings you!
You die...

#.#### #.# ..#
######################
#.#
#....................#
..#
##.#####..#####.##.##.#
### #.....##...#
#.##.##.# #..##..>.#.#
#.##.##.# #..#####yy.#
#.##.##.# ###
#..#####@### #.......#
..## #........###
#.......#
...######.####.....#
#.##..#.#
.[..##....####.....#
#.#...#.#
.....[.............#
#.#.#.#.#
...[[#...#.###.....#
#.#.#.#.# .[.#.#...#.#
#.....# #.......#
..##..#....# #######
###.##### ####.#...#.#
#.#


You could see 2 killer bees.

Vanquished Creatures
  A two-headed ogre (D:8)
  A kobold demonologist (D:8)
  A troll (D:8)
  Prince Ribbit (D:5)
  2 hippogriffs
  A vampire (D:7)
  Menkaure (D:7)
  A water moccasin (D:6)
  Duvessa (D:4)
  A black bear (D:7)
  5 orc warriors
  An ice beast (D:7)
  A porcupine (Lair:1)
  5 ogres
  2 phantoms (D:4)
  4 centaurs
  13 big kobolds (D:8)
  2 bullfrogs (D:8)
  A gnoll sergeant (D:7)
  A wyvern zombie (D:8)
  Dowan (D:4)
  A wyvern skeleton (D:6)
  A scorpion (D:8)
  An oklob sapling (D:6)
  2 killer bees (D:9)
  A howler monkey (D:6)
  A crimson imp (D:9)
  A hound (D:4)
  Crazy Yiuf (D:2)
  A bullfrog skeleton (D:5)
  3 orc priests
  Jessica (D:2)
  4 worker ants
  Terence (D:2)
  6 orc wizards
  An iguana (D:4)
  Natasha (thrice) (D:3)
  A hound skeleton (D:8)
  2 worker ant zombies (D:7)
  Robin (D:3)
  5 gnolls (D:7)
  4 adders
  A shadow imp (D:5)
  An ooze (D:3)
  An adder zombie (D:7)
  3 dart slugs
  5 leopard geckos
  26 orcs
  A bat (D:1)
  4 giant cockroaches
  14 goblins
  9 hobgoblins
  11 jackals
  3 quokkas
  8 frilled lizards
  19 kobolds
  2 rats
  A plant (D:6)
198 creatures vanquished.

Vanquished Creatures (collateral kills)
  A worm (D:5)
1 creature vanquished.

Vanquished Creatures (others)
  5 fungi (D:8)
  3 plants (D:8)
8 creatures vanquished.

Grand Total: 207 creatures vanquished

Notes
Turn   | Place    | Note
-------+----------+-------------------------------------------
     0 | D:1      | Helmschank the Troll Hunter began the quest for the Orb.
     0 | D:1      | Reached XP level 1. HP: 19/19 MP: 0/0
   100 | D:1      | Reached skill level 1 in Unarmed Combat
   223 | D:1      | Reached XP level 2. HP: 27/27 MP: 1/1
   386 | D:1      | Reached skill level 2 in Unarmed Combat
   886 | D:2      | Reached XP level 3. HP: 33/33 MP: 2/2
   935 | D:2      | Noticed Terence
   943 | D:2      | Killed Terence
   943 | D:2      | Reached skill level 3 in Unarmed Combat
  1294 | D:2      | Noticed Jessica
  1303 | D:2      | Killed Jessica
  1303 | D:2      | Reached skill level 4 in Unarmed Combat
  1303 | D:2      | Reached XP level 4. HP: 40/41 MP: 3/3
  1573 | D:2      | Found a runed door.
  1577 | D:2      | Noticed Crazy Yiuf
  1578 | D:2      | Killed Crazy Yiuf
  1967 | D:3      | Noticed Robin
  1987 | D:3      | Reached XP level 5. HP: 47/48 MP: 4/4
  1995 | D:3      | Killed Robin
  2040 | D:3      | Noticed Natasha
  2047 | D:3      | Killed Natasha
  2047 | D:3      | Reached skill level 5 in Unarmed Combat
  2153 | D:3      | Noticed Natasha
  2159 | D:3      | Killed Natasha
  2383 | D:3      | Noticed Natasha
  2395 | D:3      | Killed Natasha
  2780 | D:4      | Noticed Dowan
  2783 | D:4      | Noticed Duvessa
  2785 | D:4      | Killed Duvessa
  2785 | D:4      | Reached skill level 6 in Unarmed Combat
  2785 | D:4      | Reached XP level 6. HP: 55/55 MP: 5/5
  2795 | D:4      | Killed Dowan
  2993 | D:4      | Reached XP level 7. HP: 67/67 MP: 6/6
  3061 | D:4      | Found Turricvu's Assorted Antiques.
  3069 | D:4      | Bought a glowing bone wand for 108 gold pieces
  3611 | D:4      | Reached skill level 1 in Evocations
  3637 | D:4      | Found a snail-covered altar of Cheibriados.
  3796 | D:5      | Entered Level 5 of the Dungeon
  3796 | D:5      | Noticed Prince Ribbit
  3808 | D:5      | Killed Prince Ribbit
  3808 | D:5      | Reached skill level 7 in Unarmed Combat
  3808 | D:5      | Reached XP level 8. HP: 41/75 MP: 8/8
  4054 | D:5      | Found a sparkling altar of Nemelex Xobeh.
  4689 | D:6      | Reached skill level 8 in Unarmed Combat
  4918 | D:6      | You fall through a shaft for 2 floors!
  4918 | D:8      | Noticed a two-headed ogre
  5164 | D:6      | Reached skill level 5 in Fighting
  5223 | D:6      | Found a staircase to the Ecumenical Temple.
  5251 | Temple   | Entered the Ecumenical Temple
  5259 | Temple   | Became a worshipper of the Wu Jian Council
  6028 | D:7      | Reached XP level 9. HP: 88/88 MP: 9/9
  6084 | D:7      | Noticed Menkaure
  6092 | D:7      | Killed Menkaure
  6092 | D:7      | Reached skill level 5 in Dodging
  6678 | D:8      | Noticed a troll
  6683 | D:8      | Killed a troll
  6684 | D:8      | Reached skill level 9 in Unarmed Combat
  6870 | D:8      | Killed a two-headed ogre
  6870 | D:8      | Reached skill level 10 in Unarmed Combat
  6978 | D:8      | Reached XP level 10. HP: 95/96 MP: 11/11
  6995 | D:8      | Reached * piety under Wu Jian
  7041 | D:8      | Noticed a rust devil
  7404 | D:8      | Reached ** piety under Wu Jian
  7483 | D:8      | Found a staircase to the Lair.
  7692 | Lair:1   | Entered Level 1 of the Lair of Beasts
  7770 | Lair:1   | Noticed a six-headed hydra
  7967 | D:9      | HP: 3/102 [killer bee (15)]
  7978 | D:8      | Slain by a killer bee

Skill      XL: |  1  2  3  4  5  6  7  8  9 10 |
---------------+-------------------------------+-----
Unarmed Combat | 1 2 4 6 7 8 10 | 10.5
Fighting       | 3 5 7 |  7.0
Dodging        | 2 3 4 5 6 |  6.4
Evocations     | 2 3 |  3.0
Throwing       | 4 |  4.2
Stealth        | |  0.3

Action                   |  1- 3 |  4- 6 |  7- 9 | 10-12 || total
-------------------------+-------+-------+-------+-------++-------
Melee: Unarmed           |    83 |    90 |   251 |   164 ||   588
       Punch             |     1 |     2 |     5 |     7 ||    15
 Fire: Blowgun           |       |       |       |     5 ||     5
Throw: Stone             |    11 |     4 |    19 |    17 ||    51
       Large rock        |     2 |     8 |     8 |     3 ||    21
       Throwing net      |     3 |     3 |     3 |       ||     9
       Tomahawk          |       |    13 |    40 |    17 ||    70
Invok: Lunge             |       |       |    11 |    20 ||    31
       Whirlwind         |       |       |       |    58 ||    58
Evoke: Wand              |       |     2 |     1 |       ||     3
  Use: Scroll            |       |    10 |     8 |       ||    18
       Potion            |       |       |     1 |     3 ||     4
 Stab: Held in net/web   |     1 |       |       |       ||     1
       Sleeping          |       |       |     3 |       ||     3
  Eat: Chunk             |    15 |    18 |    36 |     9 ||    78
Armor: Robe              |    27 |    35 |    51 |    44 ||   157
Dodge: Dodged            |    32 |    41 |   118 |   106 ||   297
